 Dungeon Crawl Stone Soup version 0.31.0-11-ge490571c62 (webtiles) character file.

Game seed: 18211739083369780692

1386 firemarshallily the Covert (level 8, -2/76 HPs)
             Began as a Naga Brigand on Feb 9, 2024.
             Was an Initiate of Dithmenos.
             Slain by a water moccasin (8 damage)
             ... in the Ecumenical Temple.
             The game lasted 00:16:07 (4982 turns).

firemarshallily the Covert (Naga Brigand)           Turns: 4982, Time: 00:16:07

Health: -2/76      AC:  7    Str: 13    XL:     8   Next: 67%
Magic:  8/8        EV: 10    Int: 19    God:    Dithmenos [......]
Gold:   68         SH:  5    Dex: 14    Spells: 7/7 levels left

rFire   x . .        C - +7 falchion "Vuib Teo" {flame, rPois rF- rC++ SInv}
rCold   + + .        (no shield)
rNeg    + . .        o - +2 robe {Will+}
rPois   +            (no helmet)
rElec   .            c - +0 cloak
rCorr   .            b - +0 pair of gloves
SInv    +            (no barding)
Will    ++...        B - amulet of reflection
Stlth   +++++        h - +6 ring of intelligence
HPRegen 0.32/turn    n - ring of positive energy
MPRegen 0.11/turn

%: reflection
@: very slow
A: AC +2, large, see invisible, deformed body, poison resistance, slowness 2,
spit poison 1, naga tail 1
a: Spit Poison, Renounce Religion


You were in the Ecumenical Temple.
You worshipped Dithmenos.
Dithmenos was noncommittal.
You visited 2 branches of the dungeon, and saw 7 of its levels.

You collected 292 gold pieces.
You spent 224 gold pieces at shops.

Inventory:

Hand Weapons
 a - a +2 dagger
 C - the +7 falchion "Vuib Teo" (weapon) {flame, rPois rF- rC++ SInv}
   (You bought it in a shop on level 4 of the Dungeon)

   rF-:       It makes you vulnerable to fire.
   rC++:      It greatly protects you from cold.
   rPois:     It protects you from poison SInv: It lets you see invisible.
Missiles
 d - 15 poisoned darts
 e - 2 curare-tipped darts
Armour
 b - a +0 pair of gloves (worn)
 c - a +0 cloak (worn)
 o - a +2 robe of willpower (worn)
 D - a +2 robe of cold resistance
Jewellery
 h - a +6 ring of intelligence (left hand)
 n - a ring of positive energy (right hand)
 v - an amulet of the acrobat
 y - a ring of magical power
 A - a ring of ice
 B - an amulet of reflection (around neck)
Wands
 s - a wand of mindburst (9)
Scrolls
 f - 2 scrolls of blinking
 g - 3 scrolls of identify
 i - 2 scrolls of fear {unknown}
 k - 2 scrolls of teleportation {unknown}
 l - 2 scrolls of amnesia {unknown}
 m - a scroll of fog {unknown}
 q - 2 scrolls of enchant weapon {unknown}
 t - 2 scrolls of immolation {unknown}
 x - a scroll of revelation {unknown}
Potions
 j - a potion of heal wounds {unknown}
 p - 2 potions of degeneration {unknown}
 r - 2 potions of enlightenment {unknown}
 u - a potion of curing
 w - a potion of magic
 z - a potion of ambrosia {unknown}


   Skills:
 + Level 6.3 Fighting
 + Level 6.1 Short Blades
 - Level 1.7 Throwing
 - Level 1.3 Dodging
 + Level 10.7 Stealth


You had 7 spell levels left.
You didn't know any spells.
Your spell library contained the following spells:

 Spells                   Type           Power      Damage    Failure   Level
 Sting                    Conj/Alch      0%         1d3       21%         1
 Mercury Vapours          Alch/Air       0%         N/A       30%         2
 Olgreb's Toxic Radiance  Alch           0%         N/A       90%         4


Dungeon Overview and Level Annotations

Branches:
Dungeon (6/15)             Temple (1/1) D:6

Altars:
Ashenzari
Cheibriados
Dithmenos
Gozag
Kikubaaqudgha
Makhleb
Nemelex Xobeh
Ru
Trog
Uskayaw
Vehumet
Wu Jian
Xom
Zin
The Shining One

Shops:
D:4 (   D:5 (


Innate Abilities, Weirdness & Mutations

Your serpentine skin is tough. (AC +2)
You have supernaturally acute eyesight. (SInv)
Armour fits poorly on your strangely shaped body.
Your system is resistant to poisons. (rPois)
You cover ground very slowly.
You can spit poison.
You have a snake-like lower body.


Message History

The water moccasin attacks as it pursues you!
The water moccasin bites you but does no damage.
The water moccasin closely misses you. You block the water moccasin's attack.
You completely miss the water moccasin.
The water moccasin is moderately wounded.
The water moccasin bites you.
The water moccasin bites you but does no damage.
You hit the water moccasin. You burn the water moccasin.
The water moccasin is heavily wounded.
The water moccasin bites you.
The water moccasin attacks as it pursues you!
The water moccasin closely misses you.
The water moccasin bites you but does no damage.
The water moccasin attacks as it pursues you!
The water moccasin completely misses you.
The water moccasin bites you.
There is a fountain of clear blue water here.
The water moccasin closely misses you.
The gnoll sergeant hits you from afar with a +0 spear.
The water moccasin bites you.
* * * LOW HITPOINT WARNING * * *
The water moccasin closely misses you. The water moccasin bites you!
* * * LOW HITPOINT WARNING * * *
The gnoll sergeant hits you from afar with a +0 spear!
* * * LOW HITPOINT WARNING * * *
You block the water moccasin's attack.
There is a staircase to the Ecumenical Temple here.
You can't go up here!
The water moccasin barely misses you.
The gnoll sergeant hits you from afar with a +0 spear.
* * * LOW HITPOINT WARNING * * *
You climb downwards.
Welcome back to the Ecumenical Temple!
There is a staircase back to the Dungeon here.
You miss the water moccasin.
The water moccasin is moderately wounded.
The water moccasin bites you but does no damage.
The water moccasin bites you!
You die...

#.._.....##
#.........####
#......_.....##
#.............####
#.._......._.....##
#.................##
#......_......._....
#...S...............
#..@......._.......⌠
#...................
#......_......._....
#.................##
#.._......._.....##
#.............####
#......_.....##
#.........####
#.._.....##


You could see a water moccasin.

Vanquished Creatures
  Sigmund (D:2)
  A water moccasin (D:6)
  2 black bears
  An ice beast (D:5)
  An ogre (D:4)
  A phantom (D:4)
  A bullfrog (D:6)
  4 wights (D:6)
  A howler monkey (D:4)
  A hound (D:4)
  2 orc priests
  A jelly (D:5)
  Terence (D:3)
  3 orc wizards
  3 gnolls
  7 adders
  A shadow imp (D:6)
  2 dart slugs
  2 ribbon worms
  12 orcs
  4 bats
  4 endoplasms
  2 giant cockroaches
  5 hobgoblins
  5 quokkas
  8 ball pythons
  4 frilled lizards
  4 goblins
  3 kobolds
  5 rats
92 creatures vanquished.

Notes
Turn   | Place    | Note
-------+----------+-------------------------------------------
     0 | D:1      | firemarshallily the Naga Brigand began the quest for the
                  | Orb.
     0 | D:1      | Reached XP level 1. HP: 19/19 MP: 1/1
   155 | D:1      | Reached skill level 6 in Stealth
   157 | D:1      | Reached XP level 2. HP: 27/27 MP: 2/2
   432 | D:1      | Found a faded altar of an unknown god.
  1150 | D:2      | Reached XP level 3. HP: 31/33 MP: 3/3
  1178 | D:2      | Noticed Sigmund
  1191 | D:2      | Killed Sigmund
  1192 | D:2      | Reached skill level 7 in Stealth
  1192 | D:2      | Reached XP level 4. HP: 14/44 MP: 4/4
  1192 | D:2      | Reached XP level 5. HP: 16/50 MP: 5/5
  1686 | D:2      | Reached XP level 6. HP: 36/57 MP: 6/6
  1940 | D:3      | Noticed Terence
  1955 | D:3      | Killed Terence
  1956 | D:3      | Reached skill level 8 in Stealth
  3045 | D:4      | Reached XP level 7. HP: 66/66 MP: 7/7
  3193 | D:4      | Reached skill level 1 in Dodging
  3371 | D:4      | Found a broken altar of Ashenzari.
  3500 | D:4      | Found Kewufa's Antique Weapon Shoppe.
  3681 | D:4      | Reached skill level 5 in Fighting
  3681 | D:4      | Reached skill level 9 in Stealth
  3813 | D:5      | Entered Level 5 of the Dungeon
  4075 | D:4      | Bought a brightly glowing falchion for 224 gold pieces
  4075 | D:4      | Identified the +7 falchion "Vuib Teo" {flame, rPois rF-
                  | rC++ SInv} (You bought it in a shop on level 4 of the
                  | Dungeon)
  4142 | D:5      | Reached skill level 5 in Short Blades
  4163 | D:5      | Reached XP level 8. HP: 71/74 MP: 8/8
  4273 | D:5      | Found a glowing silver altar of Zin.
  4337 | D:5      | Found Sepif's Antique Weapon Shop.
  4703 | D:6      | Reached skill level 10 in Stealth
  4890 | D:6      | Found a staircase to the Ecumenical Temple.
  4899 | Temple   | Entered the Ecumenical Temple
  4908 | Temple   | Became a worshipper of Dithmenos the Shadowed
  4982 | Temple   | Slain by a water moccasin

Illustrated notes

Levels and vault maps discovered:
D:1:      onia_arrival_mini_maze, layout_basic,
          dilly_ecumenical_altar_fadedgnrine, serial_bayou_pond_e
D:2:      layout_rooms, uniq_sigmund
D:3:      minmay_wonky_spiral, layout_loops_ring, minmay_misc_feat_encased,
          grunt_ministairs_2, hangedman_abyss_or_decor_stabs, minivault_14,
          uniq_terence
D:4:      layout_cave_pods, nicolae_ashenzari_skybound, serial_shops,
          nicolae_shop_advertising_works [nicolae_subvault_shop_adworks]
D:5:      cheibrodos_quashed, layout_loops_ring, mainiacjoe_overflow_alcove_1,
          serial_shops, shop
D:6:      layout_loops_ring, minmay_temple_entry_antechambers, serial_shops,
          kennysheep_little_box, roderic_roman_lattice,
          minmay_misc_feat_hallway, nicolae_shop_vocational
Temple:   nicolae_temple_ecumenical_triangle

Skill      XL: |  1  2  3  4  5  6  7  8 |
---------------+-------------------------+-----
Stealth        | 6 7 8 9 10 | 10.7
Fighting       | 3 4 5 6 |  6.3
Short Blades   | 3 4 5 6 |  6.1
Dodging        | 1 |  1.3
Throwing       | |  1.7

Action                     |  1- 3 |  4- 6 |  7- 9 || total
---------------------------+-------+-------+-------++-------
  Melee: Dagger            |    45 |   119 |    91 ||   255
         Punch             |       |     2 |       ||     2
         Falchion          |       |       |    48 ||    48
  Throw: Dart              |     6 |     7 |       ||    13
Ability: Spit Poison       |     2 |     7 |     6 ||    15
  Evoke: Wand              |       |       |     5 ||     5
    Use: Potion            |       |     3 |       ||     3
         Scroll            |       |       |     2 ||     2
   Stab: Sleeping          |    10 |    10 |     9 ||    29
 Armour: Robe              |    36 |    70 |    81 ||   187
         Skin              |       |    19 |       ||    19
  Dodge: Dodged            |    23 |    42 |    69 ||   134
  Block: Other             |       |       |    20 ||    20
         Reflection        |       |       |     4 ||     4
